General information
- name: BNet
- type: Ladder team game (AT/RT)
- host: Battle.net
- saver: AWESOME.DANTE
map: MarketSquare
- players: 8
- length: 17:20
- speed: Fast
- version: 1.26 W3XP
- replay type: Public
» download(124 KB)
Players
team 1 (winner)
ELECTR1C. (
green | 62 APM | 1081 actions | 17:20)
11 Goblin Tinker
3 Pocket Factory
3 Engineering Upgrade
2 Robo-Goblin
3 Cluster Rockets
» actions
| Assign group hotkey | 7 | |
| Basic commands | 2 | |
| Build / train | 58 | |
| Enter build submenu | 16 | |
| Enter hero's abilities submenu | 10 | |
| Give item / drop item | 2 | |
| Right click | 651 | |
| Select / deselect | 231 | |
| Select group hotkey | 55 | |
| Use ability | 49 | |
1081 total
» units
» upgrades
| Lumber Harvesting | 1 | |
| Storm Hammers | 1 | |
| Swords | 2 | |
| Armor | 2 | |
6 total
» buildings
| Altar of Kings | 1 | |
| Farm | 6 | |
| Arcane Vault | 1 | |
| Scout Tower | 1 | |
| Keep | 1 | |
| Arcane Tower | 1 | |
| Castle | 1 | |
| Lumber Mill | 1 | |
| Gryphon Aviary | 2 | |
| Blacksmith | 2 | |
17 total
» build order
00:12 Altar of Kings
00:16 Farm
01:23 Arcane Vault
01:39 Scout Tower
02:30 Keep
02:49 Arcane Tower
03:15 Farm
04:51 Castle
04:54 Lumber Mill
06:18 Gryphon Aviary
06:19 Gryphon Aviary
07:41 Blacksmith
07:41 Blacksmith
08:10 Farm
08:11 Farm
08:11 Farm
08:51 Farm
» items
| Staff of Teleportation | 1 | |
| Boots of Speed | 1 | |
| Scroll of Regeneration | 1 | |
| Lesser Clarity Potion | 1 | |
| Orb of Fire | 1 | |
| Potion of Healing | 3 | |
| Scroll of Town Portal | 2 | |
| Staff of Sanctuary | 1 | |
11 total

»
ONLYG0DKNOWSWHY (
orange | 90 APM | 1558 actions | 17:20)
5 Death Knight
3 Death Coil
2 Unholy Aura
3 Lich
2 Frost Nova
1 Frost Armor
» actions
| Assign group hotkey | 30 | |
| Basic commands | 313 | |
| Build / train | 65 | |
| ESC pressed | 6 | |
| Enter build submenu | 22 | |
| Enter hero's abilities submenu | 8 | |
| Right click | 405 | |
| Select / deselect | 257 | |
| Select group hotkey | 367 | |
| Use ability | 85 | |
1558 total
» units
| Acolyte | 2 | |
| Ghoul | 6 | |
| Crypt Fiend | 20 | |
| Frost Wyrm | 2 | |
30 total
» upgrades
| Creature Attack | 2 | |
| Creature Carapace | 2 | |
| Web | 1 | |
5 total
» buildings
| Graveyard | 1 | |
| Crypt | 1 | |
| Ziggurat | 8 | |
| Altar of Darkness | 1 | |
| Tomb of Relics | 1 | |
| Nerubian Tower | 2 | |
| Halls of the Dead | 2 | |
| Spirit Tower | 1 | |
| Black Citadel | 2 | |
| Sacrificial Pit | 1 | |
| Boneyard | 2 | |
22 total
» build order
00:19 Graveyard
00:22 Crypt
00:28 Ziggurat
00:54 Altar of Darkness
01:14 Tomb of Relics
01:23 Nerubian Tower
01:23 Nerubian Tower
02:05 Ziggurat
04:03 Ziggurat
05:13 Halls of the Dead
06:42 Ziggurat
10:08 Spirit Tower
11:30 Black Citadel
12:20 Sacrificial Pit
12:49 Ziggurat
12:50 Ziggurat
14:11 Boneyard
14:13 Boneyard
14:17 Ziggurat
14:20 Ziggurat
» items
| Rod of Necromancy | 2 | |
| Scroll of Town Portal | 2 | |
| Potion of Healing | 1 | |
5 total

»
whitetornado (
teal | 53 APM | 911 actions | 17:20)
6 Shadow Hunter
3 Healing Wave
2 Hex
1 Big Bad Voodoo
» actions
| Assign group hotkey | 14 | |
| Build / train | 42 | |
| ESC pressed | 1 | |
| Enter build submenu | 21 | |
| Enter hero's abilities submenu | 6 | |
| Right click | 318 | |
| Select / deselect | 128 | |
| Select group hotkey | 329 | |
| Use ability | 52 | |
911 total
» units
| Peon | 11 | |
| Grunt | 8 | |
| Forest Troll High Priest | 1 | |
| Tauren | 3 | |
23 total
» upgrades
| Berserker Strength | 1 | |
| Melee Weapons | 3 | |
| Pulverize | 1 | |
5 total
» buildings
| Altar of Storms | 1 | |
| Orc Burrow | 8 | |
| Barracks | 1 | |
| War Mill | 1 | |
| Voodoo Lounge | 1 | |
| Stronghold | 1 | |
| Fortress | 1 | |
| Tauren Totem | 2 | |
| Great Hall | 2 | |
18 total
» build order
00:36 Altar of Storms
00:49 Orc Burrow
01:07 Barracks
02:06 Orc Burrow
02:13 War Mill
03:03 Orc Burrow
03:19 Voodoo Lounge
03:28 Orc Burrow
04:07 Orc Burrow
04:37 Stronghold
06:44 Orc Burrow
07:04 Fortress
09:27 Tauren Totem
09:32 Tauren Totem
10:59 Great Hall
11:22 Orc Burrow
11:26 Orc Burrow
15:49 Great Hall
» items
| Healing Salve | 1 | |
| Lesser Clarity Potion | 2 | |
| Scroll of Town Portal | 1 | |
| Potion of Mana | 1 | |
5 total
AWESOME.DANTE (
red | 75 APM | 1298 actions | 17:20)
3 Tauren Chieftain
2 Shockwave
1 Endurance Aura
» actions
| Assign group hotkey | 32 | |
| Basic commands | 3 | |
| Build / train | 50 | |
| Enter build submenu | 11 | |
| Enter hero's abilities submenu | 3 | |
| Give item / drop item | 1 | |
| Remove unit from queue | 1 | |
| Right click | 538 | |
| Select / deselect | 186 | |
| Select group hotkey | 432 | |
| Use ability | 41 | |
1298 total
» units
» upgrades
| Ranged Weapons | 3 | |
| Armor | 3 | |
| Burning Oil | 1 | |
| Reinforced Defenses | 1 | |
8 total
» buildings
| Altar of Storms | 1 | |
| Orc Burrow | 5 | |
| Barracks | 2 | |
| Voodoo Lounge | 1 | |
| Stronghold | 3 | |
| War Mill | 1 | |
| Fortress | 1 | |
14 total
» build order
00:10 Altar of Storms
00:21 Orc Burrow
00:39 Barracks
01:29 Orc Burrow
01:58 Voodoo Lounge
02:57 Stronghold
02:58 Stronghold
03:18 Barracks
03:39 Orc Burrow
04:04 War Mill
04:29 Orc Burrow
08:15 Fortress
11:15 Orc Burrow
» items
| Healing Salve | 1 | |
| Scroll of Speed | 3 | |
| Potion of Healing | 1 | |
| Scroll of Town Portal | 4 | |
| Potion of Mana | 1 | |
| Orb of Lightning | 1 | |
11 total
team 2 (loser)
RaNd0m_ (
purple | 57 APM | 932 actions | 16:16)
3 Mountain King
2 Storm Bolt
1 Bash
» actions
| Assign group hotkey | 99 | |
| Basic commands | 60 | |
| Build / train | 52 | |
| Enter build submenu | 28 | |
| Enter hero's abilities submenu | 4 | |
| Right click | 403 | |
| Select / deselect | 207 | |
| Select group hotkey | 41 | |
| Use ability | 38 | |
932 total
» units
| Peasant | 18 | |
| Rifleman | 9 | |
| Mortar Team | 5 | |
| Priest | 4 | |
36 total
» upgrades
| Gunpowder | 1 | |
| Long Rifles | 1 | |
| Lumber Harvesting | 1 | |
3 total
» buildings
| Altar of Kings | 2 | |
| Farm | 6 | |
| Lumber Mill | 1 | |
| Scout Tower | 10 | |
| Blacksmith | 1 | |
| Barracks | 1 | |
| Arcane Tower | 1 | |
| Guard Tower | 5 | |
| Arcane Vault | 1 | |
| Keep | 1 | |
| Town Hall | 2 | |
| Workshop | 1 | |
| Arcane Sanctum | 1 | |
33 total
» build order
00:11 Altar of Kings
00:12 Farm
01:01 Lumber Mill
01:13 Farm
01:21 Scout Tower
02:01 Blacksmith
02:23 Barracks
02:28 Arcane Tower
02:46 Farm
02:49 Scout Tower
02:50 Scout Tower
03:35 Guard Tower
03:46 Arcane Vault
03:53 Guard Tower
04:19 Farm
04:49 Keep
04:51 Scout Tower
05:33 Guard Tower
06:21 Scout Tower
06:23 Scout Tower
06:43 Town Hall
07:46 Guard Tower
07:48 Scout Tower
07:49 Scout Tower
08:00 Workshop
08:04 Arcane Sanctum
09:03 Guard Tower
09:07 Scout Tower
09:08 Scout Tower
10:15 Town Hall
15:15 Altar of Kings
15:16 Farm
15:57 Farm
» items
| Scroll of Regeneration | 1 | |
| Lesser Clarity Potion | 1 | |
2 total
Xzar-aneski (
pink | 32 APM | 559 actions | 17:19)
7 Paladin
3 Devotion Aura
1 Holy Light
2 Divine Shield
1 Resurrection
» actions
| Build / train | 79 | |
| Enter build submenu | 25 | |
| Enter hero's abilities submenu | 7 | |
| Remove unit from queue | 2 | |
| Right click | 184 | |
| Select / deselect | 210 | |
| Use ability | 52 | |
559 total
» units
| Peasant | 21 | |
| Footman | 9 | |
| Knight | 7 | |
| Siege Engine | 8 | |
45 total
» upgrades
| Swords | 2 | |
| Defend | 1 | |
| Plating | 3 | |
| Gunpowder | 3 | |
| Armor | 1 | |
| Masonry | 2 | |
| Lumber Harvesting | 1 | |
| Barrage | 1 | |
| Animal War Training | 1 | |
15 total
» buildings
| Altar of Kings | 1 | |
| Farm | 13 | |
| Barracks | 2 | |
| Blacksmith | 1 | |
| Arcane Vault | 1 | |
| Town Hall | 1 | |
| Scout Tower | 1 | |
| Arcane Tower | 1 | |
| Keep | 2 | |
| Lumber Mill | 1 | |
| Workshop | 2 | |
| Castle | 1 | |
27 total
» build order
00:16 Altar of Kings
00:22 Farm
01:02 Farm
01:15 Barracks
02:03 Farm
02:37 Blacksmith
02:45 Farm
03:12 Arcane Vault
03:30 Farm
04:29 Farm
05:37 Town Hall
05:41 Scout Tower
06:10 Arcane Tower
06:14 Keep
06:14 Keep
07:24 Lumber Mill
08:30 Barracks
09:14 Workshop
09:38 Castle
09:42 Workshop
09:46 Farm
10:20 Farm
10:31 Farm
10:47 Farm
11:07 Farm
11:10 Farm
11:51 Farm
» items
| Scroll of Regeneration | 2 | |
| Scroll of Town Portal | 1 | |
3 total

»
8llllllllllllID (
blue | 80 APM | 1307 actions | 16:22)
4 Blademaster
2 Wind Walk
2 Critical Strike
» actions
| Assign group hotkey | 12 | |
| Basic commands | 14 | |
| Build / train | 52 | |
| ESC pressed | 4 | |
| Enter build submenu | 19 | |
| Enter hero's abilities submenu | 4 | |
| Right click | 608 | |
| Select / deselect | 376 | |
| Select group hotkey | 134 | |
| Use ability | 84 | |
1307 total
» units
| Peon | 13 | |
| Grunt | 7 | |
| Shaman | 7 | |
| Tauren | 2 | |
29 total
» upgrades
| Armor | 2 | |
| Shaman Training | 2 | |
| Reinforced Defenses | 1 | |
5 total
» buildings
| Orc Burrow | 5 | |
| Altar of Storms | 1 | |
| Barracks | 1 | |
| Voodoo Lounge | 1 | |
| Stronghold | 2 | |
| War Mill | 1 | |
| Great Hall | 2 | |
| Fortress | 2 | |
| Spirit Lodge | 2 | |
| Beastiary | 2 | |
| Tauren Totem | 2 | |
21 total
» build order
00:15 Orc Burrow
00:24 Altar of Storms
01:09 Barracks
01:28 Orc Burrow
02:49 Orc Burrow
03:23 Voodoo Lounge
04:16 Stronghold
04:16 Stronghold
05:41 War Mill
06:10 Great Hall
07:28 Fortress
07:29 Fortress
07:33 Spirit Lodge
07:33 Spirit Lodge
10:51 Orc Burrow
10:56 Beastiary
10:57 Beastiary
11:02 Tauren Totem
11:04 Tauren Totem
11:52 Orc Burrow
12:46 Great Hall
» items
| Healing Salve | 1 | |
| Lesser Clarity Potion | 3 | |
| Scroll of Speed | 1 | |
| Scroll of Town Portal | 2 | |
7 total

»
WittheQuickness (
yellow | 33 APM | 540 actions | 16:24)
4 Death Knight
2 Death Coil
2 Unholy Aura
2 Crypt Lord
1 Spiked Carapace
1 Impale
» actions
| Build / train | 44 | |
| Enter build submenu | 13 | |
| Enter hero's abilities submenu | 6 | |
| Give item / drop item | 2 | |
| Right click | 298 | |
| Select / deselect | 147 | |
| Use ability | 30 | |
540 total
» units
| Acolyte | 2 | |
| Ghoul | 2 | |
| Crypt Fiend | 9 | |
| Gargoyle | 9 | |
22 total
» upgrades
| Creature Carapace | 3 | |
| Creature Attack | 2 | |
| Web | 1 | |
6 total
» buildings
| Altar of Darkness | 1 | |
| Ziggurat | 6 | |
| Crypt | 1 | |
| Graveyard | 1 | |
| Tomb of Relics | 1 | |
| Halls of the Dead | 1 | |
| Spirit Tower | 3 | |
| Sacrificial Pit | 1 | |
| Black Citadel | 1 | |
| Boneyard | 2 | |
18 total
» build order
00:11 Altar of Darkness
00:15 Ziggurat
00:46 Crypt
01:07 Graveyard
01:34 Tomb of Relics
01:37 Ziggurat
03:04 Ziggurat
04:15 Halls of the Dead
04:42 Ziggurat
05:47 Spirit Tower
05:49 Spirit Tower
07:55 Sacrificial Pit
07:58 Ziggurat
08:01 Ziggurat
12:03 Black Citadel
12:20 Spirit Tower
15:16 Boneyard
15:17 Boneyard
» items
| Boots of Speed | 1 | |
| Scroll of Town Portal | 2 | |
3 total
Chat log
(00:04 / All) WittheQuickness: d
(00:04 / All) WittheQuickness: D
(00:05 / All) RaNd0m_: PLAYER
(00:11 / All) ONLYG0DKNOWSWHY: i am going to make it my mission to rape u yellow
(00:19 / All) WittheQuickness: gl :D
(00:28 / All) ELECTR1C.: there's nothing more I want now
(00:31 / All) ELECTR1C.: than to kick yellow's ass
(00:54 / All) ELECTR1C.: 11-12 clown wishing us gl
(00:56 / All) ELECTR1C.: LOL
(01:10 / All) ONLYG0DKNOWSWHY: going to be like taking candy from a baby
(01:19 / All) ELECTR1C.: the baby is even dead
(01:24 / All) WittheQuickness: lol wait ur a petafile?
(01:25 / All) Xzar-aneski: shhh
(01:42 / All) ELECTR1C.: stfu pink
(01:49 / All) ELECTR1C.: you've been around forever and you're still shit
(01:54 / All) WittheQuickness: stfu
(01:58 / All) WittheQuickness: no1 cares
(02:09 / All) ONLYG0DKNOWSWHY: you are a dirty slut
(02:25 / All) WittheQuickness: ur a dirty hoebag
(02:30 / All) WittheQuickness: bitch
(02:34 / All) ONLYG0DKNOWSWHY: I am but I can admit it
(02:52 / All) WittheQuickness: ok so u have stds?
(02:55 / All) ONLYG0DKNOWSWHY: 3
(03:09 / All) WittheQuickness: aids?
(04:19 / Allies) AWESOME.DANTE: find me a base to demo gentlemen
(04:46 / Allies) ELECTR1C.: teh feared gruntapult
(05:16 / All) WittheQuickness: k
(06:17 / Allies) ONLYG0DKNOWSWHY: scrub base build
(06:32 / Allies) ELECTR1C.: scrub player
(06:41 / Allies) AWESOME.DANTE: clan ztx and clan gold fighting!!!
(06:47 / Allies) ELECTR1C.: ?
(06:54 / Allies) ONLYG0DKNOWSWHY: who is ztx?
(07:02 / Allies) ELECTR1C.: i'm shitlisted from zTx
(07:12 / Allies) ELECTR1C.: atm
(07:13 / Allies) ONLYG0DKNOWSWHY: im shaman in gold..
(07:15 / Allies) ELECTR1C.: for wcl tag
(07:20 / Allies) AWESOME.DANTE: scout purple again
(07:47 / Allies) ELECTR1C.: i used to be sham in zTx
(08:03 / Allies) ELECTR1C.: but 5o1.razorbacks turned it into a clan of afks
(08:24 / Allies) AWESOME.DANTE: yea his base is a gonner
(09:29 / All) ONLYG0DKNOWSWHY: ROFL GG
(10:05 / All) ELECTR1C.: riding my lollerskates
(10:14 / Allies) ONLYG0DKNOWSWHY: going to need help
(10:17 / Allies) ELECTR1C.: mhm
(10:56 / Allies) ONLYG0DKNOWSWHY: fucking bm mk combo
(11:01 / Allies) ELECTR1C.: ring in base for you
(11:02 / Allies) ONLYG0DKNOWSWHY: sucks balls for my poor lich
(11:03 / Allies) ONLYG0DKNOWSWHY: lol
(12:05 / Allies) whitetornado: help red
(12:08 / Allies) whitetornado: coming to you
(14:06 / Allies) AWESOME.DANTE: god damn u already have robo
(14:16 / All) AWESOME.DANTE: out
(14:47 / Allies) ELECTR1C.: why are love and zTx fighting?
(14:55 / Allies) AWESOME.DANTE: no idea
(14:57 / All) ELECTR1C.: i'm having more fun than you
(16:12 / All) 8llllllllllllID: fail aa players
(16:19 / All) 8llllllllllllID: im tired of trying to get both
(16:19 / All) ELECTR1C.: fail other team
(16:21 / All) 8llllllllllllID: fucking a
(16:49 / Allies) ONLYG0DKNOWSWHY: i just got raped
(16:50 / Allies) ONLYG0DKNOWSWHY: lol
(16:56 / Allies) ELECTR1C.: sucks to suck
(16:57 / Allies) ELECTR1C.: <3
(17:02 / Allies) ONLYG0DKNOWSWHY: bad idea to tp
(17:04 / Allies) ONLYG0DKNOWSWHY: hu over undead
(17:05 / Allies) ELECTR1C.: lol
(17:07 / Allies) ELECTR1C.: them nights
(17:10 / Allies) ELECTR1C.: knights